 Dungeon Crawl Stone Soup version 0.26.0-15-gc6cd9f700b (webtiles) character file.

Game seed: 16283793356009404508

103 Fulmax the Covered (level 4, -11/41 HPs)
             Began as a Minotaur Fighter on Jan 16, 2021.
             Mangled by Pikel
             ... wielding a +2 whip of electrocution
              (17 damage)
             ... on level 4 of the Dungeon.
             The game lasted 00:04:19 (2117 turns).

Fulmax the Covered (Minotaur Fighter)               Turns: 2117, Time: 00:04:20

Health: -11/41     AC:  7    Str: 21    XL:     4   Next: 51%
Magic:  3/3        EV:  7    Int:  6    God:
Gold:   106        SH:  9    Dex:  9    Spells: 3/3 levels left

rFire    . . .     SeeInvis .   a - +0 war axe
rCold    . . .     Faith    .   c - +0 kite shield
rNeg     . . .     Spirit   .   b - +0 scale mail
rPois    .         Reflect  .   (helmet restricted)
rElec    .         Harm     .   (no cloak)
rCorr    .         Rampage  .   (no gloves)
Will     .....                  (no boots)
Stlth    ..........             (no amulet)
HPRegen  0.13/turn              (no ring)
MPRegen  0.08/turn              (no ring)

@: mighty
A: retaliatory headbutt, horns 2
a: no special abilities


You were on level 4 of the Dungeon.
You visited 1 branch of the dungeon, and saw 4 of its levels.

You collected 106 gold pieces.

Inventory:

Hand Weapons
 a - a +0 war axe (weapon)
Armour
 b - a +0 scale mail (worn)
 c - a +0 kite shield (worn)
 l - a +0 tower shield
Jewellery
 i - a +4 ring of slaying {unknown}
Wands
 q - a wand of flame (16)
Scrolls
 e - 2 scrolls of fog {unknown}
 j - 3 scrolls of identify {unknown}
 k - 3 scrolls of remove curse {unknown}
 n - a scroll of random uselessness {unknown}
 r - a scroll of magic mapping {unknown}
Potions
 f - 3 potions of curing {unknown}
 g - a potion of ambrosia {unknown}
 h - 2 potions of haste {unknown}
 m - 2 potions of mutation {unknown}
 o - a potion of heal wounds {unknown}
 p - 2 potions of flight {unknown}
 s - a potion of brilliance {unknown}
 t - a potion of lignification {unknown}


   Skills:
 + Level 4.4 Fighting
 + Level 3.6 Axes
 + Level 4.5 Armour
 + Level 4.4 Shields


You had 3 spell levels left.
You didn't know any spells.
Your spell library was empty.

Dungeon Overview and Level Annotations

Branches:
Dungeon (4/15)
 Temple: D:4-7

Altars:
Ashenzari
Vehumet
Wu Jian

Annotations:
D:4 Pikel


Innate Abilities, Weirdness & Mutations

You reflexively headbutt those who attack you in melee.
You have a pair of horns on your head.


Message History

You hit Pikel. Your headbutt misses Pikel.
Pikel is lightly wounded.
Pikel hits you with a +2 whip of electrocution!
You hit Pikel.
Pikel is moderately wounded.
Pikel hits you with a +2 whip of electrocution.
* * * LOW HITPOINT WARNING * * *
Pikel hits you with a +2 whip of electrocution.
* * * LOW HITPOINT WARNING * * *
You feel very mighty all of a sudden. Pikel completely misses you.
You miss Pikel.
Pikel is moderately wounded.
Pikel hits you but does no damage.
You slash Pikel!
Pikel is heavily wounded.
Pikel hits you with a +2 whip of electrocution.
* * * LOW HITPOINT WARNING * * *
You are electrocuted!
You die...

Z. ##.
..
####.###
#..(...#
#.5##
#.55#
#.#K#
...#@#
#######


You could see Pikel and 3 lemures.

Vanquished Creatures
  3 gnolls (D:3)
  An adder (D:3)
  3 worms
  A dart slug (D:3)
  An orc (D:3)
  3 giant cockroaches
  2 goblins (D:1)
  10 hobgoblins
  4 jackals (D:3)
  A quokka (D:3)
  A ball python (D:1)
  7 bats
  3 frilled lizards
  7 kobolds
  6 rats
53 creatures vanquished.

Vanquished Creatures (others)
  A bat (D:3)
1 creature vanquished.

Grand Total: 54 creatures vanquished

Notes
Turn   | Place    | Note
-------+----------+-------------------------------------------
     0 | D:1      | Fulmax the Minotaur Fighter began the quest for the Orb.
     0 | D:1      | Reached XP level 1. HP: 19/19 MP: 0/0
   195 | D:1      | Reached XP level 2. HP: 26/27 MP: 1/1
   343 | D:1      | You fall into a shaft and drop 1 floor!
   520 | D:2      | Reached XP level 3. HP: 33/33 MP: 2/2
   856 | D:2      | Found an ornate altar of the Wu Jian Council.
   859 | D:2      | Found a broken altar of Ashenzari.
  1053 | D:3      | Reached XP level 4. HP: 3/40 MP: 3/3
  1526 | D:3      | Found a radiant altar of Vehumet.
  2101 | D:4      | Noticed a lemure
  2101 | D:4      | Noticed Pikel
  2102 | D:4      | Noticed a lemure
  2110 | D:4      | Noticed a lemure
  2112 | D:4      | Noticed a lemure
  2117 | D:4      | Mangled by Pikel

Illustrated notes

Levels and vault maps discovered:
D:1:      dpeg_arrival_stone_temple_mockup, layout_basic
D:2:      layout_rooms, minitemple
D:3:      minmay_wonky_spiral, layout_basic, fiery_altar_vehumet
D:4:      layout_basic, cheibrodos_sewer_entry_bend, uniq_pikel

Skill      XL: |  1  2 |
---------------+-------+-----
Armour         | 4 |  4.5
Fighting       | 4 |  4.4
Shields        | 4 |  4.4
Axes           | 3 |  3.6

Action                   |  1- 3 |  4- 6 || total
-------------------------+-------+-------++-------
Melee: War axe           |    81 |    42 ||   123
       Headbutt          |    11 |    11 ||    22
  Use: Potion            |       |     1 ||     1
Armor: Scale mail        |    42 |    14 ||    56
Dodge: Dodged            |    34 |    11 ||    45
Block: Kite shield       |    63 |    20 ||    83
